 Dungeon Crawl Stone Soup version 0.27-a0-909-g0721f309d1 (webtiles) character file.

Game seed: 2658313331278421610

3724 siradein the Cleaver (level 10, -5/70 HPs)
             Began as a Formicid Fighter on Apr 9, 2021.
             Was a Believer of Makhleb.
             Succumbed to a redback's poison
             ... on level 7 of the Dungeon.
             The game lasted 00:13:46 (7132 turns).

siradein the Cleaver (Formicid Fighter)             Turns: 7132, Time: 00:13:47

Health: -5/70      AC: 17    Str: 24    XL:     10   Next: 36%
Magic:  10/10      EV:  6    Int:  7    God:    Makhleb [**....]
Gold:   230        SH: 17    Dex: 15    Spells: 9/9 levels left

rFire    . . .     SeeInvis +   F - +6 war axe of the Vestibule of Hell {flame, Dex+4}
rCold    . . .     Faith    .   w - +2 kite shield
rNeg     . . .     Spirit   .   p - +0 chain mail
rPois    .         Reflect  +   (helmet unavailable)
rElec    .         Harm     .   k - +2 cloak
rCorr    .         Rampage  .   (no gloves)
Will     ++...                  l - +0 pair of boots
Stlth    ..........             G - amulet of reflection
HPRegen  0.21/turn              v - ring of willpower
MPRegen  0.12/turn              A - +4 ring of protection

@: lethally poisoned (-5 -> -39)
A: permanent stasis, dig shafts and tunnels, antennae 3, four strong arms
a: Dig, Shaft Self, Renounce Religion, Minor Destruction


You were on level 7 of the Dungeon.
You worshipped Makhleb.
Makhleb was pleased with you.
You visited 1 branch of the dungeon, and saw 7 of its levels.

You collected 230 gold pieces.

Inventory:

Hand Weapons
 x - a +1 falchion of holy wrath
 E - the +5 dagger of the Pharaoh's Fist {venom, rElec rF+}
   (You took it off an orc on level 5 of the Dungeon)

   It poisons the flesh of those it strikes.
   It protects you from fire.
   It insulates you from electricity.
 F - the +6 war axe of the Vestibule of Hell (weapon) {flame, Dex+4}
   (You found it on level 5 of the Dungeon)

   It has been specially enchanted to burn those struck by it, causing extra
   injury to most foes and up to half again as much damage against particularly
   susceptible opponents.
   Big, fiery blades are also staple armaments of hydra-hunters.
   It affects your dexterity (+4).
Missiles
 j - 3 boomerangs of dispersal
Armour
 k - a +2 cloak (worn)
 l - a +0 pair of boots (worn)
 p - a +0 chain mail (worn)
 w - a +2 kite shield (worn)
Jewellery
 a - a +4 ring of protection
 v - a ring of willpower (left hand)
 A - a +4 ring of protection (right hand)
 G - an amulet of reflection (around neck)
 I - a ring of ice
Wands
 m - a wand of iceblast (8)
Scrolls
 b - 2 scrolls of enchant armour {unknown}
 c - a scroll of fear {unknown}
 e - a scroll of summoning {unknown}
 h - 4 scrolls of identify {unknown}
 i - a scroll of vulnerability {unknown}
 q - 4 scrolls of teleportation {unknown}
 s - a scroll of noise {unknown}
 u - a scroll of fog {unknown}
 y - a scroll of holy word {unknown}
 C - a scroll of enchant weapon {unknown}
 J - a scroll of amnesia {unknown}
Potions
 d - 3 potions of might
 f - a potion of berserk rage {unknown}
 g - 2 potions of ambrosia {unknown}
 n - 7 potions of curing {unknown}
 o - a potion of heal wounds {unknown}
 r - a potion of haste {unknown}
 t - a potion of attraction {unknown}
 z - a potion of resistance {unknown}
 B - 2 potions of lignification {unknown}
 D - 2 potions of degeneration {unknown}
 H - a potion of flight {unknown}


   Skills:
 - Level 3.2 Fighting
 + Level 13.8 Axes
 - Level 3.2 Armour
 - Level 3.6 Shields


You had 9 spell levels left.
You didn't know any spells.
Your spell library contained the following spells:

 Spells                   Type           Power      Damage    Failure   Level
 Animate Skeleton         Necr           0%         N/A       100%        1
 Apportation              Tloc           0%         N/A       100%        1
 Beastly Appendage        Tmut           0%         N/A       100%        1
 Corona                   Hex            0%         N/A       100%        1
 Foxfire                  Conj/Fire      0%         2x1d4     100%        1
 Magic Dart               Conj           0%         1d3       100%        1
 Sandblast                Erth           0%         2d4       100%        1
 Summon Small Mammal      Summ           0%         N/A       100%        1
 Call Imp                 Summ           0%         N/A       100%        2
 Ensorcelled Hibernation  Hex/Ice        0%         N/A       100%        2
 Passwall                 Tmut/Erth      0%         N/A       100%        2
 Slow                     Hex            0%         N/A       100%        2
 Wereblood                Tmut           0%         N/A       100%        2
 Confusing Touch          Hex            0%         N/A       100%        3
 Conjure Flame            Conj/Fire      0%         6-21      100%        3
 Dazzling Flash           Conj/Hex       0%         N/A       100%        3
 Inner Flame              Hex/Fire       0%         N/A       100%        3
 Mephitic Cloud           Conj/Pois/Air  0%         N/A       100%        3
 Spider Form              Tmut/Pois      0%         N/A       100%        3
 Stone Arrow              Conj/Erth      0%         3d7       100%        3
 Tukima's Dance           Hex            0%         N/A       100%        3
 Ice Form                 Ice/Tmut       0%         N/A       100%        4
 Petrify                  Tmut/Erth      0%         N/A       100%        4
 Sticky Flame             Conj/Fire      0%         2d3       100%        4
 Fireball                 Conj/Fire      0%         3d3       100%        5
 Hydra Form               Tmut           0%         N/A       100%        5
 Lee's Rapid Deconstruct  Erth           0%         3d5*      100%        5
 Blink                    Tloc           Unusable   N/A       N/A         2

Dungeon Overview and Level Annotations

Branches:
Dungeon (7/15)             Temple (0/1) D:6

Altars:
Gozag
Hepliaklqana
Kikubaaqudgha
Makhleb
Nemelex Xobeh
Okawaru
Sif Muna
Xom

Annotations:
D:4 1 runed translucent door
D:7 2 runed translucent doors


Innate Abilities, Weirdness & Mutations

You cannot be hasted, slowed, berserked, paralysed or teleported.
You can dig through walls and to a lower floor.
You have a pair of large antennae on your head. (SInv)
Your four strong arms can wield two-handed weapons with a shield.


Message History

You are poisoned.
The redback poisons you!
You slash the redback! You burn the redback.
The redback is severely wounded.
You feel extremely sick.
The redback bites you but does no damage.
You block the redback's attack.
You hit the redback but do no damage.
The redback is severely wounded.
You feel extremely sick.
The redback bites you but does no damage.
You completely miss the redback.
The redback is severely wounded.
You feel very sick. You block the redback's attack. x2
You hit the redback. You burn the redback.
You kill the redback!
Makhleb accepts your kill.
You feel very sick. You block the redback's attack.
You slash the redback! You burn the redback.
The redback is severely wounded.
You feel very sick. You block the redback's attack. The redback bites you!
You are lethally poisoned!
The redback poisons you!
You slash the redback! You burn the redback.
You kill the redback!
Makhleb accepts your kill.
* * * LOW HITPOINT WARNING * * *
You feel extremely sick. You block the water moccasin's attack.
You hit the water moccasin. You burn the water moccasin.
The water moccasin is lightly wounded.
* * * LOW HITPOINT WARNING * * *
You feel extremely sick. You block the water moccasin's attack.
You closely miss the water moccasin.
The water moccasin is lightly wounded.
You die...

### #.# #.##########.....#......#
..# #.###...............##.#.##.#
#<# #.##..######..##.........##.#
#.###.#..##....##.####.###.####.#
#.##..).##+.....#..# #.# #......#
.......##y#....{##.###+##########
#....###yy##.S{s.#.##...## #
..####yyyyy###s###.#.....## ##
###)+..yyyy#[$SS@.........## ##.
(.####...yy###s###.........####<.
....[###..##.s{{.#.........'.....
#..#...##.#..s.{##.........####..
#.####..##+.....#.........## #..
#.# ##..##....##.##.....## #.#
#.## ##..######..###...## #.#
...# ##........## ##'## #.# ...#
#.##..#### #.########.#


You could see 2 water moccasins, a redback, 2 scorpions, 6 killer bees and an
adder.

Vanquished Creatures
  A dancing weapon (D:6)
  The ghost of Zeld the Conjurer, a novice OpCj of Sif Muna (D:6)
  2 redbacks (D:7)
  Eustachio (D:5)
  2 sky beasts (D:7)
  2 ice beasts (D:6)
  An ogre (D:5)
  2 centaurs
  A phantom (D:6)
  Blork the orc (D:5)
  A kobold brigand (D:7)
  3 bullfrogs
  A scorpion (D:6)
  6 killer bees (D:7)
  A water moccasin skeleton (D:5)
  The ghost of Sobieck the Magician, a weakling DjCj (D:4)
  A centaur zombie (D:5)
  2 bullfrog zombies
  5 orc priests
  Crazy Yiuf (D:2)
  Ijyb (D:5)
  A centaur skeleton (D:6)
  2 bullfrog skeletons
  3 iguanas (D:5)
  9 orc wizards
  A howler monkey zombie (D:7)
  5 adders
  An ufetubus (D:5)
  2 worms (D:4)
  2 dart slugs (D:1)
  32 orcs
  3 ball pythons
  4 bats
  8 endoplasms
  2 giant cockroaches
  2 goblins
  5 hobgoblins
  9 jackals
  11 kobolds
  3 quokkas
  5 frilled lizards
  3 rats
150 creatures vanquished.

Vanquished Creatures (others)
  12 plants (D:3)
12 creatures vanquished.

Grand Total: 162 creatures vanquished

Notes
Turn   | Place    | Note
-------+----------+-------------------------------------------
     0 | D:1      | siradein the Formicid Fighter began the quest for the Orb.
     0 | D:1      | Reached XP level 1. HP: 18/18 MP: 1/1
   135 | D:1      | Reached XP level 2. HP: 23/24 MP: 2/2
   438 | D:1      | Reached skill level 3 in Axes
   658 | D:1      | Reached XP level 3. HP: 28/29 MP: 3/3
  1243 | D:2      | Found a runed translucent door.
  1305 | D:2      | Noticed Crazy Yiuf
  1432 | D:2      | Killed Crazy Yiuf
  1433 | D:2      | Reached skill level 4 in Axes
  1433 | D:2      | Reached XP level 4. HP: 16/35 MP: 2/4
  2021 | D:3      | Reached XP level 5. HP: 26/41 MP: 3/5
  2264 | D:3      | Found a burning altar of Makhleb.
  2271 | D:3      | Became a worshipper of Makhleb the Destroyer
  2278 | D:3      | Found an ancient bone altar of Kikubaaqudgha.
  2486 | D:3      | Reached skill level 5 in Axes
  2596 | D:3      | Found a shimmering blue altar of Sif Muna.
  2596 | D:3      | Found a hazy altar of Hepliaklqana.
  2596 | D:3      | Found a sparkling altar of Nemelex Xobeh.
  2918 | D:4      | Found a runed translucent door.
  2918 | D:4      | Noticed Sobieck's ghost (weakling DjCj)
  3140 | D:4      | Reached XP level 6. HP: 47/47 MP: 6/6
  3280 | D:4      | Found a runed translucent door.
  3602 | D:4      | Killed Sobieck's ghost
  3603 | D:4      | Reached skill level 6 in Axes
  3644 | D:5      | Entered Level 5 of the Dungeon
  3656 | D:5      | Reached * piety under Makhleb
  3666 | D:5      | Reached XP level 7. HP: 51/52 MP: 7/7
  3714 | D:5      | Reached skill level 7 in Axes
  3891 | D:5      | Found an iron altar of Okawaru.
  3950 | D:5      | Noticed Blork the orc
  3960 | D:5      | Killed Blork the orc
  4225 | D:5      | Reached skill level 8 in Axes
  4445 | D:5      | Reached XP level 8. HP: 54/58 MP: 8/8
  4517 | D:5      | Identified the +5 dagger of the Pharaoh's Fist {venom,
                  | rElec rF+}
  4763 | D:5      | Identified the +6 war axe of the Vestibule of Hell {flame,
                  | Dex+4}
  4874 | D:5      | Reached skill level 9 in Axes
  5118 | D:5      | Noticed Ijyb
  5127 | D:5      | Killed Ijyb
  5153 | D:5      | Noticed Eustachio
  5168 | D:5      | Killed Eustachio
  5311 | D:6      | Reached skill level 10 in Axes
  5330 | D:6      | Found a staircase to the Ecumenical Temple.
  5607 | D:6      | Reached ** piety under Makhleb
  5608 | D:6      | Reached XP level 9. HP: 64/64 MP: 9/9
  5644 | D:6      | Found a runed translucent door.
  5645 | D:6      | Found a shimmering altar of Xom.
  5645 | D:6      | Noticed Zeld's ghost (novice OpCj)
  5646 | D:6      | Noticed a +0 whip of chaos
  5837 | D:6      | Reached skill level 11 in Axes
  5969 | D:6      | Killed a +0 whip of chaos
  5970 | D:6      | Reached skill level 12 in Axes
  5977 | D:6      | Killed Zeld's ghost
  6057 | D:7      | Found the +9 staff of Olgreb {rPois∞}
  6094 | D:7      | Found a runed translucent gate.
  6165 | D:7      | Found a runed translucent gate.
  6166 | D:7      | Found a runed translucent gate.
  6173 | D:7      | Found a runed translucent door.
  6180 | D:7      | Reached XP level 10. HP: 70/70 MP: 10/10
  6197 | D:7      | Found a runed translucent door.
  6445 | D:7      | Reached skill level 13 in Axes
  6640 | D:7      | Found an opulent altar of Gozag.
  7131 | D:7      | HP: 3/70 [poisoned by a redback]
  7132 | D:7      | Succumbed to a redback's poison

Illustrated notes

Levels and vault maps discovered:
D:1:      amcnicky_arrival_blooded_trapdoor, layout_loops_ring
D:2:      layout_basic, uniq_crazy_yiuf_cottage
D:3:      layout_basic, gammafunk_temple_overflow_claw, kiku_gazebo_pond_becter,
          lemuel_tele_altar, serial_bayou, serial_bayou_ford_a,
          serial_bayou_lagoon_a, serial_bayou_lagoon_b,
          kennysheep_generic_room_12
D:4:      layout_loops_ring, ebering_ghost_sewer_f
D:5:      layout_cave_pods, okawaru_metal_pillars_1_2,
          minmay_a_box_with_orc_wizards_in_it, uniq_blork_the_orc,
          uniq_eustachio, uniq_ijyb
D:6:      layout_loops_ring, minmay_temple_entry_sparse_star, ebering_ghost_xom
D:7:      layout_loops_corners, grunt_gozag_breadcrumbs,
          minmay_guarded_unrand_staff_of_olgreb

Skill      XL: |  1  2  3  4  5  6  7  8  9 10 |
---------------+-------------------------------+-----
Axes           | 3 4 5 6 8 10 12 13 | 13.8
Fighting       | |  3.2
Armour         | |  3.2
Shields        | |  3.6

Action                   |  1- 3 |  4- 6 |  7- 9 | 10-12 || total
-------------------------+-------+-------+-------+-------++-------
Melee: War axe           |    79 |    41 |    82 |    78 ||   280
       Hand axe          |       |   112 |   104 |       ||   216
       Falchion          |       |    13 |       |       ||    13
 Abil: Dig               |       |     5 |       |       ||     5
Armor: Scale mail        |    29 |    33 |       |       ||    62
       Chain mail        |       |    31 |    85 |    25 ||   141
Dodge: Dodged            |    21 |    40 |    30 |    13 ||   104
Block: Kite shield       |    58 |    93 |   135 |    69 ||   355
       Reflection        |       |       |     1 |       ||     1

Table legend: (Time is in decaauts)
 A = Elapsed time spent in this place.
 B = Non-inter-level travel time spent in this place.
 C = Inter-level travel time spent in this place.
 D = Time resting spent in this place.
 E = Time spent auto-exploring this place.
 F = Levels seen in this place.
 G = Mean time per level.
                   A        B        C        D        E       F      G
               +--------+--------+--------+--------+--------+-----+--------+
         Total |   7284 |   7110 |    174 |      4 |   5644 |   7 | 1040.6 |
       Dungeon |   7284 |   7110 |    174 |      4 |   5644 |   7 | 1040.6 |
               +--------+--------+--------+--------+--------+-----+--------+

Top non-repeatable levels by time:
     D:5: 1615 daAuts
     D:3: 1119 daAuts
     D:7: 1077 daAuts
     D:4: 964 daAuts
     D:2: 908 daAuts
     D:6: 819 daAuts
     D:1: 780 daAuts
